Map: Terraform LE (Void)

Players

MoonLjth - Winner!

  • Race: Protoss Protoss
  • League: Platinum

iQuitBYE - Winner!

  • Race: Protoss Protoss
  • League: Grandmaster

ZetaLeonis

  • Race: Protoss Protoss
  • League: Gold

Horizon

  • Race: Protoss Protoss
  • League: Platinum

VOD

Have the link to the VOD?

Description

Time

  • Played on: Oct. 3, 2015, 1:14 p.m.
  • Length: 10:09
Show
View Real Time Build Order
Export as new Build Order

MoonLjth Protoss - Winner!

Build Orders: 1 Gate Expand 

Get SALT Encoding   

  12  0:02  Probe (Chrono Boost)  
  13  0:15  Pylon  
  13  0:17  Probe (Chrono Boost)  
  14  0:28  Probe (Chrono Boost)  
  15  0:35  Gateway  
  15  0:40  Probe (Chrono Boost)  
  16  0:50  Probe (Chrono Boost)  
  17  1:02  Probe (Chrono Boost)  
  18  1:19  Nexus  
  18  1:26  Cybernetics Core  
  18  1:31  Assimilator  
  18  1:36  Assimilator  
  18  1:42  Probe (Chrono Boost)  
  19  1:53  Probe (Chrono Boost)  
  20  1:57  Pylon  
  20  2:03  Probe (Chrono Boost)  
  21  2:09  Warp Gate (Chrono Boost)  
  21  2:11  Pylon  
  21  2:14  Probe (Chrono Boost)  
  22  2:24  Probe (Chrono Boost), Adept (Chrono Boost)  
  25  2:32  Probe  
  25  2:36  Probe  
  26  2:46  Robotics Facility  
  26  2:51  Probe (Chrono Boost)  
  26  2:58  Probe (Chrono Boost)  
  28  3:05  Pylon  
  29  3:09  Mothership Core (Chrono Boost)  
  29  3:11  Stalker (Chrono Boost)  
  32  3:15  Probe (Chrono Boost)  
  33  3:24  Probe (Chrono Boost)  
  34  3:28  Gateway  
  34  3:31  Probe  
  35  3:34  Probe  
  36  3:43  Probe  
  36  3:48  Immortal (Chrono Boost)  
  39  4:00  Gateway, Probe  
  40  4:03  Probe  
  40  4:04  Pylon  
  41  4:21  Immortal  
  41  4:25  Probe  
  41  4:29  Pylon  
  41  4:30  Stalker x2  
  50  4:39  Gateway  
  50  4:41  Probe  
  51  4:49  Assimilator  
  51  4:51  Stalker  
  53  4:56  Probe  
  53  4:58  Observer  
  54  5:02  Stalker x2  
  59  5:10  Pylon  
  59  5:18  Adept  
  61  5:22  Immortal  
  61  5:25  Probe  
  66  5:30  Adept  
  66  5:31  Pylon  
  66  5:32  Adept  
  70  5:37  Probe  
  71  5:44  Adept x2  
  71  5:47  Probe  
  76  5:52  Adept x2  
  78  6:05  Adept x2  
  70  6:12  Adept x2  
  66  6:21  Immortal (Chrono Boost)  
  70  6:29  Stalker x2  
  70  6:30  Stalker  
  76  6:38  Adept  
  64  6:50  Stalker  
  64  6:52  Warp Prism (Chrono Boost)  
  64  6:54  Stalker x2  
  68  7:00  Probe (Chrono Boost)  
  74  7:01  Probe (Chrono Boost)  
  74  7:08  Assimilator  
  74  7:10  Stalker, Pylon  
  74  7:11  Probe (Chrono Boost)  
  74  7:13  Probe (Chrono Boost)  
  78  7:17  Twilight Council  
  78  7:21  Probe (Chrono Boost)  
  77  7:27  Adept x3  
  83  7:40  Stalker, Pylon  
  83  7:43  Probe (Chrono Boost)  
  86  7:49  Adept x2  
  86  7:50  Adept  
  92  7:57  Probe (Chrono Boost)  
  79  8:06  Adept  
  79  8:10  Probe (Chrono Boost)  
  80  8:16  Resonating Glaives (Chrono Boost)  
  80  8:17  Immortal, Adept x3  
  90  8:38  Stalker x2  
  90  8:39  Stalker x2  
  98  8:51  Immortal  
  102  9:05  Stalker  
  102  9:06  Adept x3  
  88  9:28  Stalker x2  
  88  9:29  Stalker x2  
  98  9:54  Stalker  
  98  9:55  Stalker, Gateway x2  
  98  9:58  Gateway, Adept x2  
Show
View Real Time Build Order
Export as new Build Order

iQuitBYE Protoss - Winner!

Build Orders: Blink Stalkers 

Get SALT Encoding   

  12  0:01  Probe (Chrono Boost)  
  13  0:11  Probe (Chrono Boost)  
  14  0:17  Pylon  
  14  0:22  Probe (Chrono Boost)  
  15  0:36  Probe (Chrono Boost)  
  15  0:37  Gateway  
  16  0:46  Probe (Chrono Boost)  
  16  0:49  Assimilator  
  17  0:54  Assimilator  
  18  0:57  Probe (Chrono Boost)  
  18  1:05  Pylon  
  18  1:07  Probe (Chrono Boost)  
  19  1:18  Probe (Chrono Boost)  
  20  1:27  Cybernetics Core  
  20  1:28  Probe (Chrono Boost)  
  21  1:39  Probe (Chrono Boost)  
  22  1:50  Probe (Chrono Boost)  
  23  2:08  Warp Gate  
  23  2:09  Mothership Core (Chrono Boost)  
  25  2:17  Twilight Council  
  25  2:24  Stalker  
  27  2:34  Probe (Chrono Boost)  
  28  2:39  Gateway  
  28  2:41  Blink  
  28  2:42  Gateway  
  28  2:44  Pylon  
  28  2:46  Probe (Chrono Boost)  
  29  3:00  Stalker  
  31  3:17  Robotics Facility  
  31  3:19  Pylon  
  32  3:21  Probe (Chrono Boost)  
  32  3:25  Gateway  
  31  4:00  Probe (Chrono Boost), Pylon  
  32  4:11  Stalker x2  
  32  4:12  Stalker  
  38  4:23  Stalker  
  40  4:36  Stalker  
  40  4:38  Adept  
  44  4:39  Nexus  
  44  4:45  Stalker  
  46  4:48  Sentry  
  48  5:01  Stalker  
  48  5:03  Stalker  
  52  5:11  Adept  
  54  5:19  Pylon  
  52  5:22  Pylon  
  52  5:25  Sentry  
  54  5:33  Probe (Chrono Boost)  
  55  5:38  Sentry x2  
  59  5:44  Stalker  
  59  5:45  Probe (Chrono Boost)  
  62  5:52  Stalker  
  62  5:55  Probe (Chrono Boost)  
  63  6:09  Stalker  
  63  6:10  Stalker  
  57  6:19  Stalker  
  59  6:28  Stalker  
  59  6:31  Probe (Chrono Boost)  
  63  6:33  Probe (Chrono Boost)  
  63  6:35  Stalker  
  57  6:45  Zealot  
  57  6:46  Zealot  
  51  6:53  Zealot  
  49  6:59  Stalker  
  51  7:06  Sentry  
  51  7:08  Gateway  
  53  7:11  Stalker  
  53  7:13  Zealot  
  57  7:17  Probe (Chrono Boost)  
  57  7:18  Probe (Chrono Boost)  
  53  7:24  Zealot  
  53  7:27  Probe (Chrono Boost)  
  57  7:30  Sentry, Probe (Chrono Boost)  
  57  7:35  Zealot  
  61  7:38  Probe (Chrono Boost)  
  61  7:41  Zealot  
  61  7:42  Probe (Chrono Boost)  
  65  7:47  Stalker  
  65  7:51  Probe (Chrono Boost)  
  68  7:54  Probe (Chrono Boost)  
  67  7:59  Zealot x2  
  61  8:07  Stalker  
  61  8:10  Sentry, Zealot  
  65  8:19  Gateway  
  65  8:22  Stalker  
  65  8:25  Stalker  
  67  8:34  Pylon  
  67  8:49  Sentry, Zealot x2  
  49  9:11  Stalker x2  
  51  9:27  Stalker  
  53  9:38  Zealot  
Show
View Real Time Build Order
Export as new Build Order

ZetaLeonis Protoss 

Build Orders:  

Get SALT Encoding   

Show
View Real Time Build Order
Export as new Build Order

Horizon Protoss 

Build Orders:  

Get SALT Encoding   

Tags
 
Add a new tag
Caveats
  • Supply blocks, unpowered buildings, or Contaminate may cause inaccurate times.
  • Supply counts are checked every 10 seconds.